 Dungeon Crawl Stone Soup version 0.27.1-2-g3b301248ec (webtiles) character file.

Game seed: 6989866225987489555

2582 rogsnak the Thaumaturge (level 9, -5/66 HPs)
             Began as a Gnoll Hedge Wizard on Sept 30, 2021.
             Was a Believer of Okawaru.
             Slain by a bullfrog (7 damage)
             ... on level 8 of the Dungeon on Oct 1, 2021.
             The game lasted 00:21:02 (10996 turns).

rogsnak the Thaumaturge (Gnoll Hedge Wizard)       Turns: 10996, Time: 00:21:02

Health: -5/66      AC:  3    Str: 10    XL:     9   Next: 58%
Magic:  18/21      EV: 14    Int: 16    God:    Okawaru [**....]
Gold:   390        SH:  0    Dex: 12    Spells: 19/25 levels left

rFire    + . .     SeeInvis .   a - +2 falchion (pain)
rCold    . . .     Faith    .   (no shield)
rNeg     . . .     Spirit   .   b - +0 robe
rPois    .         Reflect  .   c - +0 hat
rElec    .         Harm     .   w - +0 cloak
rCorr    .         Rampage  .   (no gloves)
Will     .....                  (no boots)
Stlth    +++.......             (no amulet)
HPRegen  0.21/turn              r - ring of protection from fire
MPRegen  0.17/turn              (no ring)

@: no status effects
A: fangs 1, strong nose, distributed training
a: Renounce Religion, Heroism


You were on level 8 of the Dungeon.
You worshipped Okawaru.
Okawaru was pleased with you.
You visited 1 branch of the dungeon, and saw 8 of its levels.

You collected 390 gold pieces.

Inventory:

Hand Weapons
 a - a +2 falchion of pain (weapon)
 s - a +2 dagger of draining
 y - a +0 rapier
 P - a +4 great sword
Missiles
 d - 136 arrows
 p - 81 stones
 C - 3 javelins
 E - 7 boomerangs
 H - 62 sling bullets
 K - 2 throwing nets
 O - 15 poisoned darts
Armour
 b - a +0 robe (worn)
 c - a +0 hat (worn)
 w - a +0 cloak (worn)
Magical Staves
 z - a staff of poison
 R - a staff of fire
Jewellery
 r - a ring of protection from fire (left hand)
 x - a ring of positive energy
Wands
 u - a wand of flame (34)
 D - a wand of paralysis (5)
 L - a wand of iceblast (9)
Scrolls
 g - a scroll of fog
 i - 2 scrolls of teleportation
 j - 3 scrolls of magic mapping
 l - 2 scrolls of enchant weapon
 m - a scroll of brand weapon {unknown}
 n - 2 scrolls of blinking {unknown}
 o - 2 scrolls of fear {unknown}
 q - a scroll of immolation {unknown}
 F - a scroll of enchant armour {unknown}
 G - a scroll of amnesia {unknown}
 I - 3 scrolls of identify {unknown}
 J - a scroll of acquirement {unknown}
 Q - a scroll of vulnerability {unknown}
Potions
 e - a potion of might {unknown}
 f - 2 potions of heal wounds {unknown}
 h - 3 potions of attraction {unknown}
 k - 3 potions of magic {unknown}
 t - a potion of lignification {unknown}
 v - 2 potions of degeneration {unknown}
 A - a potion of experience {unknown}
 B - a potion of curing
 M - a potion of berserk rage {unknown}
 N - 2 potions of flight {unknown}


   Skills:
 + Level 4.4 Fighting
 + Level 4.4 Short Blades
 + Level 4.4 Long Blades
 + Level 4.4 Axes
 + Level 4.4 Maces & Flails
 + Level 4.4 Polearms
 + Level 4.4 Staves
 + Level 4.4 Slings
 + Level 4.4 Bows
 + Level 4.4 Crossbows
 + Level 4.4 Throwing
 + Level 4.4 Armour
 + Level 6.4 Dodging
 + Level 6.1 Stealth
 + Level 4.4 Shields
 + Level 4.4 Unarmed Combat
 + Level 8.5 Spellcasting
 + Level 4.2 Conjurations
 + Level 3.6 Hexes
 + Level 4.2 Summonings
 + Level 3.6 Necromancy
 + Level 4.2 Translocations
 + Level 3.6 Transmutations
 + Level 3.6 Fire Magic
 + Level 3.6 Ice Magic
 + Level 3.6 Air Magic
 + Level 3.6 Earth Magic
 + Level 3.6 Poison Magic
 + Level 4.8 Invocations
 + Level 4.4 Evocations


You had 19 spell levels left.
You knew the following spells:

 Your Spells              Type           Power      Damage    Failure   Level
a - Magic Dart            Conj           80%        1d7       1%          1
b - Blink                 Tloc           N/A        N/A       2%          2
c - Mephitic Cloud        Conj/Pois/Air  19%        N/A       7%          3

Your spell library contained the following spells:

 Spells                   Type           Power      Damage    Failure   Level
 Beastly Appendage        Tmut           36%        N/A       2%          1
 Call Imp                 Summ           20%        N/A       2%          2
 Searing Ray              Conj           40%        3d4       2%          2
 Slow                     Hex            18%        N/A       3%          2
 Static Discharge         Conj/Air       19%        N/A       3%          2
 Wereblood                Tmut           18%        N/A       3%          2
 Conjure Flame            Conj/Fire      19%        6-21      6%          3
 Dazzling Flash           Conj/Hex       38%        N/A       6%          3
 Spider Form              Tmut/Pois      9%         N/A       7%          3
 Iskenderun's Mystic Bla  Conj/Tloc      20%        2d6       19%         4
 Fulminant Prism          Conj/Hex       9%         3d7       22%         4
 Manifold Assault         Tloc           20%        N/A       45%         5
 Irradiate                Conj/Tmut      9%         3d17      52%         5
 Lightning Bolt           Conj/Air       9%         1d22      52%         5
 Blade Hands              Tmut           9%         N/A       54%         5
 Starburst                Conj/Fire      9%         6d5       97%         6
 Dragon Form              Tmut           9%         N/A       100%        7
 Storm Form               Tmut/Air       9%         N/A       100%        7
 Maxwell's Capacitive Co  Air            9%         ∞         100%        8


Dungeon Overview and Level Annotations

Branches:
Dungeon (8/15)             Temple (0/1) D:7
   Lair: D:8-11

Altars:
Cheibriados
Gozag
Nemelex Xobeh
Okawaru
Qazlal
Ru
Trog
Wu Jian
The Shining One

Shops:
D:1 (


Innate Abilities, Weirdness & Mutations

You have very sharp teeth.
Your uncanny sense of smell can sniff out nearby items.
Your experience applies equally to all skills.


Message History

Unknown command.
A centaur comes into view.
Unknown command.
The centaur unwields a +0 shortbow.
The centaur barely misses you. The centaur misses you.
Things that are here:
a +0 shortbow; 21 arrows Unknown command.
The centaur shouts!
You hit the centaur but do no damage.
The centaur writhes in agony.
The centaur is almost dead.
You hear a shout!
The centaur wields a +0 shortbow.
The centaur shoots an arrow.
The arrow misses you. The centaur completely misses you.
The centaur kicks you but does no damage.
The centaur shoots an arrow.
The arrow closely misses you.
A bullfrog comes into view.
The centaur completely misses you. The centaur kicks you.
The centaur shoots an arrow.
The arrow hits you!
A goblin comes into view. It is wielding a +0 hand axe.
Unknown command.
The bullfrog croaks.
You hit the centaur.
You kill the centaur!
Okawaru accepts your kill.
A vampire mosquito comes into view.
The centaur shoots an arrow.
The arrow hits you! The goblin completely misses you.
You riposte.
You hit the goblin.
You kill the goblin!
Okawaru accepts your kill.
A vampire mosquito comes into view.
The centaur shoots an arrow.
The arrow hits you!
* * * LOW HITPOINT WARNING * * *
The centaur shoots an arrow.
The arrow hits you!
* * * LOW HITPOINT WARNING * * *
The vampire mosquito moves out of view.
Things that are here:
a +0 shortbow; 20 arrows; a centaur corpse The bullfrog hits you!
You die...

#.c./...#∆
#.......#
#.......#
#####.......+
##...........#
........)....#
≈≈≈≈≈≈≈......#
≈#####≈.))...#
#≈.@....# ∆
#≈.yF...#
#≈......#
#≈......#
≈≈......#
..g......#
###........
..........


You could see a vampire mosquito, a bullfrog and a goblin.

Vanquished Creatures
  Sigmund (D:7)
  Eustachio (D:4)
  A steam dragon (D:3)
  An orc warrior (D:7)
  A sky beast (D:5)
  2 ogres (D:5)
  A necrophage (D:4)
  2 centaurs (D:8)
  2 phantoms
  2 scorpions
  A water moccasin zombie (D:5)
  A wyvern skeleton (D:7)
  5 wights (D:6)
  2 centaur zombies
  A bullfrog zombie (D:5)
  4 hounds
  Crazy Yiuf (D:2)
  2 orc priests
  A jelly (D:7)
  3 bullfrog skeletons
  Jessica (D:2)
  2 centaur skeletons (D:4)
  5 iguanas
  A scorpion zombie (D:5)
  Natasha (thrice) (D:2)
  An orc wizard (D:5)
  A hound zombie (D:5)
  A howler monkey zombie (D:6)
  A howler monkey skeleton (D:7)
  4 gnolls
  11 adders
  A dart slug (D:1)
  10 orcs
  6 endoplasms
  3 giant cockroaches
  5 goblins
  11 hobgoblins
  5 jackals (D:1)
  4 quokkas
  12 ball pythons
  4 bats
  6 frilled lizards
  6 kobolds
  4 rats
143 creatures vanquished.

Vanquished Creatures (others)
  10 fungi (D:6)
10 creatures vanquished.

Grand Total: 153 creatures vanquished

Notes
Turn   | Place    | Note
-------+----------+-------------------------------------------
     0 | D:1      | rogsnak the Gnoll Hedge Wizard began the quest for the Orb.
     0 | D:1      | Reached XP level 1. HP: 13/13 MP: 8/8
   235 | D:1      | Found Jafi's Antique Weapon Shoppe.
   282 | D:1      | Reached XP level 2. HP: 9/19 MP: 2/10
   862 | D:1      | Found a faded altar of an unknown god.
   979 | D:1      | Reached XP level 3. HP: 25/25 MP: 11/11
   982 | D:1      | Learned a level 2 spell: Blink
   986 | D:1      | Learned a level 3 spell: Mephitic Cloud
  1420 | D:2      | Reached skill level 1 in Invocations
  1625 | D:2      | Reached skill level 1 in Fighting
  1625 | D:2      | Reached skill level 1 in Short Blades
  1625 | D:2      | Reached skill level 1 in Long Blades
  1625 | D:2      | Reached skill level 1 in Axes
  1625 | D:2      | Reached skill level 1 in Maces & Flails
  1625 | D:2      | Reached skill level 1 in Polearms
  1625 | D:2      | Reached skill level 1 in Staves
  1625 | D:2      | Reached skill level 1 in Slings
  1625 | D:2      | Reached skill level 1 in Bows
  1625 | D:2      | Reached skill level 1 in Crossbows
  1625 | D:2      | Reached skill level 1 in Throwing
  1625 | D:2      | Reached skill level 1 in Armour
  1625 | D:2      | Reached skill level 1 in Shields
  1625 | D:2      | Reached skill level 1 in Unarmed Combat
  1625 | D:2      | Reached skill level 1 in Evocations
  1625 | D:2      | Reached XP level 4. HP: 32/32 MP: 8/13
  1893 | D:2      | Noticed Natasha
  1908 | D:2      | Killed Natasha
  1909 | D:2      | Reached skill level 1 in Hexes
  1909 | D:2      | Reached skill level 1 in Necromancy
  1909 | D:2      | Reached skill level 1 in Transmutations
  1909 | D:2      | Reached skill level 1 in Fire Magic
  1909 | D:2      | Reached skill level 1 in Ice Magic
  1909 | D:2      | Reached skill level 1 in Air Magic
  1909 | D:2      | Reached skill level 1 in Earth Magic
  1909 | D:2      | Reached skill level 1 in Poison Magic
  2053 | D:2      | Found a runed translucent door.
  2054 | D:2      | Noticed Crazy Yiuf
  2259 | D:2      | Reached XP level 5. HP: 37/37 MP: 9/14
  2425 | D:2      | Noticed Jessica
  2429 | D:2      | Killed Jessica
  2557 | D:2      | Noticed Natasha
  2564 | D:2      | Killed Natasha
  2780 | D:2      | Noticed Natasha
  2791 | D:2      | Killed Natasha
  2937 | D:2      | Killed Crazy Yiuf
  2938 | D:2      | Reached XP level 6. HP: 19/44 MP: 3/16
  4193 | D:4      | Noticed Eustachio
  4283 | D:4      | Noticed a steam dragon
  4613 | D:3      | Killed a steam dragon
  4614 | D:3      | Reached skill level 5 in Dodging
  4856 | D:4      | Reached XP level 7. HP: 50/50 MP: 15/18
  5157 | D:4      | Paralysed by a kobold for 4 turns
  5209 | D:4      | Found an iron altar of Okawaru.
  5220 | D:4      | Became a worshipper of Warmaster Okawaru
  5408 | D:4      | Killed Eustachio
  5644 | D:4      | Found a glowing golden altar of the Shining One.
  5698 | D:4      | Reached skill level 5 in Stealth
  5711 | D:5      | Entered Level 5 of the Dungeon
  5719 | D:5      | Found an opulent altar of Gozag.
  5958 | D:5      | Reached XP level 8. HP: 53/57 MP: 14/19
  6222 | D:5      | Reached * piety under Okawaru
  6564 | D:5      | HP: 1/58 [water moccasin (7)]
  7244 | D:5      | Found a sacrificial altar of Ru.
  7476 | D:5      | Reached skill level 8 in Spellcasting
  8035 | D:6      | Found a snail-covered altar of Cheibriados.
  8878 | D:6      | Reached XP level 9. HP: 51/61 MP: 19/21
  8993 | D:6      | Reached ** piety under Okawaru
  9823 | D:7      | Found a stormy altar of Qazlal.
 10293 | D:7      | Found a staircase to the Ecumenical Temple.
 10478 | D:7      | Noticed Sigmund
 10513 | D:7      | Killed Sigmund
 10688 | D:7      | Found an ornate altar of the Wu Jian Council.
 10765 | D:7      | Found a sparkling altar of Nemelex Xobeh.
 10790 | D:7      | Found a bloodstained altar of Trog.
 10995 | D:8      | HP: 2/66 [centaur/arrow (12)]
 10996 | D:8      | Slain by a bullfrog

Illustrated notes

Levels and vault maps discovered:
D:1:      mrwooster_arrival_arrow, layout_loops_corners,
          ebering_ecumenical_altar_abandoned, serial_shops, shop, minmay_cupped
D:2:      layout_basic, uniq_jessica, uniq_natasha, uniq_crazy_yiuf_cottage
D:3:      layout_loops_corners
D:4:      layout_cave_pools, mainiacjoe_overflow_small_starburst, tso_altar,
          serial_column_ruins, column_ruins_open_small,
          column_ruins_open_medium, column_ruins_grid_4, column_ruins_open_tiny,
          uniq_eustachio
D:5:      layout_loops_cross, lemuel_doored_altar, nicolae_ru_path_of_blood,
          grunt_decor_clamped, kennysheep_generic_room_9
D:6:      minmay_spotlight, layout_loops_ring, lemuel_coloured_pillars_altar,
          serial_aquarium, aquarium_bridge_square [aquarium_subvault_window,
          aquarium_subvault_window, aquarium_subvault_bridge,
          aquarium_subvault_window], aquarium_bridge_straight
          [aquarium_subvault_bridge, aquarium_subvault_balcony,
          aquarium_subvault_bridge, aquarium_subvault_wall],
          aquarium_window_fake, aquarium_window_2, aquarium_window_1,
          aquarium_window_corner, aquarium_view_2e, aquarium_balcony_3a
D:7:      layout_basic, mainiacjoe_overflow_alcove_2,
          nicolae_qazlal_general_emergency, mainiacjoe_overflow_swirl,
          minmay_temple_entry_fiery, glass_columns_a, sigmund_army
D:8:      layout_gridville, enter_bailey_3, special_room [special_room_orc],
          minmay_misc_feat_iff

Skill      XL: |  1  2  3  4  5  6  7  8  9 |
---------------+----------------------------+-----
Conjurations   | 2 3 4 |  4.2
Summonings     | 2 3 4 |  4.2
Translocations | 2 3 4 |  4.2
Invocations    | 1 2 3 4 |  4.8
Fighting       | 1 2 3 4 |  4.4
Short Blades   | 1 2 3 4 |  4.4
Long Blades    | 1 2 3 4 |  4.4
Axes           | 1 2 3 4 |  4.4
Maces & Flails | 1 2 3 4 |  4.4
Polearms       | 1 2 3 4 |  4.4
Staves         | 1 2 3 4 |  4.4
Slings         | 1 2 3 4 |  4.4
Bows           | 1 2 3 4 |  4.4
Crossbows      | 1 2 3 4 |  4.4
Throwing       | 1 2 3 4 |  4.4
Armour         | 1 2 3 4 |  4.4
Shields        | 1 2 3 4 |  4.4
Unarmed Combat | 1 2 3 4 |  4.4
Evocations     | 1 2 3 4 |  4.4
Hexes          | 1 2 3 |  3.6
Necromancy     | 1 2 3 |  3.6
Transmutations | 1 2 3 |  3.6
Fire Magic     | 1 2 3 |  3.6
Ice Magic      | 1 2 3 |  3.6
Air Magic      | 1 2 3 |  3.6
Earth Magic    | 1 2 3 |  3.6
Poison Magic   | 1 2 3 |  3.6
Dodging        | 5 6 |  6.4
Stealth        | 5 6 |  6.1
Spellcasting   | 8 |  8.5

Action                   |  1- 3 |  4- 6 |  7- 9 || total
-------------------------+-------+-------+-------++-------
Melee: Dagger            |    33 |    15 |       ||    48
       Bite              |     2 |     2 |    34 ||    38
       Short sword       |       |     9 |       ||     9
       Quarterstaff      |       |    22 |    26 ||    48
       Staff             |       |     1 |   101 ||   102
       Rapier            |       |       |    24 ||    24
       Great sword       |       |       |    26 ||    26
       Punch             |       |       |     3 ||     3
       Falchion          |       |       |    52 ||    52
 Cast: Magic Dart        |    84 |   110 |   182 ||   376
       Mephitic Cloud    |       |    11 |    34 ||    45
Evoke: Wand              |       |       |    10 ||    10
  Use: Scroll            |       |       |     4 ||     4
 Stab: Sleeping          |     1 |       |     2 ||     3
       Confused          |       |     3 |    11 ||    14
       Paralysed         |       |       |     3 ||     3
Armor: Robe              |     9 |    23 |    42 ||    74
Dodge: Dodged            |    29 |    54 |   175 ||   258
       Rpst.: Great sword |       |       |     6 ||     6
       Falchion          |       |       |     8 ||     8
